[Event "Kvibergspelen 2022"]
[Site "Kviberg Park Hotel & Conference, Krutvagen 2, Gothenburg, Sweden"]
[Date "2022.09.30"]
[Round "1.1"]
[White "Westlund, Tim"]
[Black "Agdestein, Simen"]
[Result "0-1"]
[TimeControl "15 minutes + 5 seconds per move from move one (Round 1 - 4) / 90 minutes + 30 seconds per move from move one (Round 5 - 8)"]
[BlackTitle "GM"]
[WhiteFideId "1754718"]
[BlackFideId "1500015"]
[WhiteElo "1772"]
[BlackElo "2576"]

1. e4 c5 2. Nf3 Nc6 3. Bb5 Nf6 4. Bxc6 dxc6 5. d3 Nd7 6. Nc3 e5 7. Be3 Bd6 8. Qd2 Nf8 9. h3 Ne6 10.
Ne2 O-O 11. O-O-O Nd4 12. Ng3 b5 13.
Nh2 b4 14. Ng4 Qa5 15. Kb1 Be6 16. b3 Nb5 17. Nh5 Nc3+ 18.
Kc1 Qa3# 0-1

[Event "Kvibergspelen 2022"]
[Site "Kviberg Park Hotel & Conference, Krutvagen 2, Gothenburg, Sweden"]
[Date "2022.09.30"]
[Round "1.2"]
[White "Hillarp, Tiger"]
[Black "Hauksdottir, Hrund"]
[Result "1-0"]
[TimeControl "15 minutes + 5 seconds per move from move one (Round 1 - 4) / 90 minutes + 30 seconds per move from move one (Round 5 - 8)"]
[WhiteTitle "GM"]
[WhiteFideId "1700812"]
[BlackFideId "2302608"]
[WhiteElo "2511"]
[BlackElo "1767"]

1. Nf3 d5 2. c4 c6 3. e3 Nf6 4. Nc3 e6 5. b3 Nbd7 6. Qc2 Bd6 7. Bb2 O-O 8. Be2 Re8 9. d4 dxc4 10.
bxc4 c5 11. d5 exd5 12. cxd5 Ne5 13. Rd1 a6 14. a4 b6 15. O-O Qc7 16. h3 Bb7 17. Rfe1 Rad8 18. e4 Qe7 19. Nd2 Ng6 20.
Bf1 Be5 21. g3 Nh5 22. Ne2 Qg5 23. Nf3 Qf6 24. Nxe5 Nxe5 25. Bxe5 Qxe5 26. Bg2 Nf6 27. Nc3 Bc8 28. f4 Qc7 29.
e5 Nh5 30. Qf2 Bd7 31. g4 1-0

[Event "Kvibergspelen 2022"]
[Site "Kviberg Park Hotel & Conference, Krutvagen 2, Gothenburg, Sweden"]
[Date "2022.09.30"]
[Round "1.3"]
[White "Storskog, Thomas"]
[Black "Abdrlauf, Elham"]
[Result "0-1"]
[TimeControl "15 minutes + 5 seconds per move from move one (Round 1 - 4) / 90 minutes + 30 seconds per move from move one (Round 5 - 8)"]
[BlackTitle "IM"]
[WhiteFideId "1725998"]
[BlackFideId "1533533"]
[WhiteElo "1753"]
[BlackElo "2487"]

1. Nf3 Nf6 2. c4 e6 3. e3 d5 4.
Be2 c5 5. O-O d4 6. exd4 cxd4 7.
d3 Nc6 8. Bf4 Be7 9. Nbd2 Nh5 10. Bg3 O-O 11. Nxd4 Nxg3 12. Nxc6 Nxe2+ 13. Qxe2 bxc6 14. a3 a5 15. Rab1 c5 16.
Qf3 Rb8 17. Ne4 Bb7 18. Qh3 Bxe4 19. dxe4 Qd4 20. Rbd1 Qxb2 21. Rd7 Bf6 22. Rd3 Bd4 23. Qh4 Qe2 24. Rh3 h6 25. Qg3 Rb2 26.
a4 Rfb8 27. Rh4 Qxf2+ 28. Qxf2 Rxf2 0-1

[Event "Kvibergspelen 2022"]
[Site "Kviberg Park Hotel & Conference, Krutvagen 2, Gothenburg, Sweden"]
[Date "2022.09.30"]
[Round "1.4"]
[White "Kucuksari, Kaan"]
[Black "Eriksson, Wilmer"]
[Result "1-0"]
[TimeControl "15 minutes + 5 seconds per move from move one (Round 1 - 4) / 90 minutes + 30 seconds per move from move one (Round 5 - 8)"]
[WhiteTitle "FM"]
[WhiteFideId "6380166"]
[BlackFideId "1768298"]
[WhiteElo "2482"]
[BlackElo "1752"]

1. d4 d5 2. c4 e6 3. Nf3 Nf6 4. g3 Bb4+ 5. Bd2 Be7 6. Bg2 O-O 7. O-O Nbd7 8. Qc2 c6 9. Bg5 b6 10. Nbd2 Bb7 11. e4 dxe4 12. Nxe4 Nxe4 13.
Bxe7 Qxe7 14. Qxe4 Rfd8 15. Rfe1 Nf6 16. Qe3 Rac8 17. b3 Qc7 18. c5 bxc5 19. dxc5 h6 20. Ne5 Nd5 21. Qf3 Nb4 22.
Qe4 a5 23. Bh3 Re8 24. a3 Nd5 25. Nc4 Rcd8 26. Rac1 Ba6 27. Nd6 Rxd6 28. cxd6 Qxd6 29. Qa4 Bb5 30. Qxa5 Rc8 31. a4 Bd3 32. Bg2 Bg6 33. Qa6 Rc7 34. a5 Kh7 35. Qc4 Nb4 36. Rcd1 Qe7 37. Be4 Bxe4 38. Qxe4+ g6 39. h4 Qc5 40. h5 Qxa5 1-0

[Event "Kvibergspelen 2022"]
[Site "Kviberg Park Hotel & Conference, Krutvagen 2, Gothenburg, Sweden"]
[Date "2022.09.30"]
[Round "1.5"]
[White "Acevedo Mendez, Lisseth"]
[Black "Hector, Jonny"]
[Result "0-1"]
[TimeControl "15 minutes + 5 seconds per move from move one (Round 1 - 4) / 90 minutes + 30 seconds per move from move one (Round 5 - 8)"]
[WhiteTitle "WIM"]
[BlackTitle "GM"]
[WhiteFideId "6502938"]
[BlackFideId "1700090"]
[WhiteElo "1751"]
[BlackElo "2454"]

1. d4 d5 2. Bf4 c5 3. e3 Nc6 4. c3 Nf6 5. Bd3 Qb6 6. Qc1 Nh5 7. Bg5 h6 8. Bh4 e5 9. dxc5 Bxc5 10.
Be2 g5 11. Bxh5 gxh4 12. Nf3 h3 13. Rg1 e4 14. Nd4 Ne5 15. Be2 Bg4 16. Qc2 Bxe2 17. Kxe2 Qa6+ 18. Kd1 hxg2 19. Nd2 Rg8 20.
b4 Bxd4 21. cxd4 Nf3 22. Nxf3 Qf1+ 23. Rxf1 gxf1=Q+ 24. Ne1 Rg1 25. Qe2 Qxe2+ 26. Kxe2 Rc8 27. Kd2 f5 28. a4 Rc4 29. Rb1 Kd7 30.
Rb2 f4 31. Nc2 f3 32. Na3 Rcc1 33. Rc2 Rgd1+ 34. Kc3 Rxc2+ 35. Kxc2 Rf1 36. Nb5 Rxf2+ 37. Kd1 a6 38. Nc3 Kd6 39.
b5 Rxh2 40. Ke1 a5 41. b6 Kc6 42. Kf1 Rc2 43. Nb5 Kxb6 0-1

[Event "Kvibergspelen 2022"]
[Site "Kviberg Park Hotel & Conference, Krutvagen 2, Gothenburg, Sweden"]
[Date "2022.09.30"]
[Round "1.6"]
[White "Stefansson, Vignir Vatnar"]
[Black "Cibo, Faris"]
[Result "1-0"]
[TimeControl "15 minutes + 5 seconds per move from move one (Round 1 - 4) / 90 minutes + 30 seconds per move from move one (Round 5 - 8)"]
[WhiteTitle "IM"]
[WhiteFideId "2308649"]
[BlackFideId "1764268"]
[WhiteElo "2452"]
[BlackElo "1750"]

1. e4 c5 2. c3 Nf6 3. e5 Nd5 4.
Nf3 Nc6 5. Bc4 Nb6 6. Bb3 c4 7. Bc2 d5 8. exd6 Qxd6 9. O-O Bg4 10. h3 Bxf3 11. Qxf3 g6 12. Na3 Bg7 13. b3 Ne5 14.
Qe2 O-O 15. Nxc4 Nbxc4 16. bxc4 Rac8 17. d3 Rfd8 18. Be3 Nxd3 19. Rad1 Nf4 20. Qf3 Qc6 21. Qxf4 Bxc3 22. c5 b6 23.
Bb3 e6 24. Rc1 Bb2 25. Rc2 Ba3 26. cxb6 Qxc2 27. Bxc2 Rxc2 28. bxa7 1-0

[Event "Kvibergspelen 2022"]
[Site "Kviberg Park Hotel & Conference, Krutvagen 2, Gothenburg, Sweden"]
[Date "2022.09.30"]
[Round "1.7"]
[White "Gerdes, Sebastian"]
[Black "Mitusov, Semen"]
[Result "0-1"]
[TimeControl "15 minutes + 5 seconds per move from move one (Round 1 - 4) / 90 minutes + 30 seconds per move from move one (Round 5 - 8)"]
[BlackTitle "FM"]
[WhiteFideId "1745697"]
[BlackFideId "14151049"]
[WhiteElo "1746"]
[BlackElo "2418"]

1. c4 e6 2. g3 Nf6 3. Bg2 d5 4. cxd5 exd5 5. d4 Be7 6. Nc3 c6 7. Nf3 O-O 8. O-O h6 9. e3 Bf5 10.
Re1 Re8 11. h3 Nbd7 12. a4 Bd6 13. b3 Qe7 14. Nh4 Bh7 15. Qf3 Ne4 16. Nxe4 dxe4 17. Qg4 Nf6 18. Nf5 Bxf5 19. Qxf5 g6 20. Qa5 Bb4 21. Qe5 Qxe5 22.
dxe5 Bxe1 23. Bb2 Bb4 24. exf6 Rad8 25. Rc1 a5 26. Bd4 c5 27. Bb2 Rd3 28. Kh2 Rd2 29. Bc3 Rxf2 30. Bxb4 cxb4 31. Rc7 Rxf6 32. Rxb7 Re5 33.
Kg1 Rc6 34. Rb5 Rc1+ 35. Kf2 Rc2+ 36. Kg1 Rc1+ 37. Kf2 Re6 38. Rxa5 Rf6+ 39. Ke2 Rc2+ 40. Kd1 Rxg2 0-1

[Event "Kvibergspelen 2022"]
[Site "Kviberg Park Hotel & Conference, Krutvagen 2, Gothenburg, Sweden"]
[Date "2022.09.30"]
[Round "1.8"]
[White "Golubka, Petro"]
[Black "Hall, Simon"]
[Result "1-0"]
[TimeControl "15 minutes + 5 seconds per move from move one (Round 1 - 4) / 90 minutes + 30 seconds per move from move one (Round 5 - 8)"]
[WhiteTitle "GM"]
[WhiteFideId "14114224"]
[BlackFideId "1722441"]
[WhiteElo "2360"]
[BlackElo "1746"]

1. d4 Nf6 2. Nc3 d6 3. Bf4 g6 4. e4 c5 5. dxc5 dxc5 6. Qxd8+ Kxd8 7. O-O-O+ Nfd7 8. Nd5 e5 9. Bg5+ f6 10.
Nxf6 Be7 11. Nf3 h6 12. Nxd7 Nxd7 13. Bxe7+ Kxe7 14. Bb5 Rf8 15. Rd2 Nf6 16. Nxe5 Nxe4 17. Nxg6+ Kf7 18. Nxf8 Kxf8 19.
Rd8+ Ke7 20. Re8+ 1-0

[Event "Kvibergspelen 2022"]
[Site "Kviberg Park Hotel & Conference, Krutvagen 2, Gothenburg, Sweden"]
[Date "2022.09.30"]
[Round "1.9"]
[White "Ghaderi, Roshan"]
[Black "Hamark, Jesper"]
[Result "0-1"]
[TimeControl "15 minutes + 5 seconds per move from move one (Round 1 - 4) / 90 minutes + 30 seconds per move from move one (Round 5 - 8)"]
[WhiteFideId "1744011"]
[BlackFideId "1704338"]
[WhiteElo "1741"]
[BlackElo "2348"]

1. e4 c5 2. c3 d5 3. exd5 Qxd5 4. Nf3 Nc6 5. Bb5 Bg4 6. Be2 e6 7. h3 Bh5 8. d4 cxd4 9. cxd4 Nf6 10.
Nc3 Qa5 11. O-O Be7 12. Be3 O-O 13. a3 Rac8 14. Rc1 a6 15. Qb3 Rb8 16. Rfd1 Qc7 17. d5 exd5 18. Nxd5 Nxd5 19. Qxd5 Bxf3 20.
Bxf3 Rbd8 21. Qb3 Rxd1+ 22. Rxd1 Bf6 23. Rc1 Rc8 24. Bg4 Re8 25. Bf3 h6 26. Bb6 Qd7 27. Rd1 Qf5 28. Bg4 Qb5 29. Qxb5 axb5 30. b4 Ne5 31. Bd7 Nxd7 32. Rxd7 Re1+ 33.
Kh2 Re7 34. Rd5 Bb2 35. Rxb5 Bxa3 36. Bc5 Rd7 37. Ra5 Bb2 38. Ra2 Be5+ 39. g3 g6 40.
Re2 Bc3 41. Rc2 Bf6 42. Kg2 Kg7 43.
Re2 Bc3 44. Rc2 Be5 45. Re2 Kf6 46.
h4 h5 47. Be3 Rd5 48. Bg5+ Kf5 49.
Be7 Ke6 50. Bc5 Kd7 51. f4 Bd6 52. Bxd6 Kxd6 53.
Re4 Rd3 54. Rc4 Rb3 55. Kf2 Ke6 56. Kg2 f6 57. Kf2 Kf5 58. Rc5+ Kg4 59. Rb5 Rb2+ 60. Kf1 Kf3 61. Ke1 Kxg3 62.
Rxb7 Kxf4 63. Rb6 Kf5 64. Rb5+ Kg4 65. Rb6 g5 66. Rxf6 Kxh4 67. Rb6 Kg4 68.
Kf1 h4 69. Kg1 Kg3 70. Kf1 h3 71.
Rb5 g4 72. Rg5 Rb1+ 73. Ke2 Rxb4 74. Rxg4+ 0-1

[Event "Kvibergspelen 2022"]
[Site "Kviberg Park Hotel & Conference, Krutvagen 2, Gothenburg, Sweden"]
[Date "2022.09.30"]
[Round "1.10"]
[White "Mohammadi, Amir"]
[Black "Nilsson, Kristoffer"]
[Result "1-0"]
[TimeControl "15 minutes + 5 seconds per move from move one (Round 1 - 4) / 90 minutes + 30 seconds per move from move one (Round 5 - 8)"]
[WhiteFideId "1705890"]
[BlackFideId "1718487"]
[WhiteElo "2294"]
[BlackElo "1737"]

1. e4 c6 2. d4 d5 3. e5 c5 4. c3 Nc6 5. Be3 Nh6 6. Bxh6 gxh6 7. Qd2 Bf5 8. Nf3 cxd4 9. Nxd4 Nxd4 10. cxd4 Qb6 11. Nc3 O-O-O 12. Bd3 Bxd3 13. Qxd3 Kb8 14. O-O Bg7 15. a4 f6 16. Qg3 Qc7 17. Nb5 1-0

[Event "Kvibergspelen 2022"]
[Site "Kviberg Park Hotel & Conference, Krutvagen 2, Gothenburg, Sweden"]
[Date "2022.09.30"]
[Round "1.11"]
[White "Frank, Anton"]
[Black "Olsson, William"]
[Result "0-1"]
[TimeControl "15 minutes + 5 seconds per move from move one (Round 1 - 4) / 90 minutes + 30 seconds per move from move one (Round 5 - 8)"]
[BlackTitle "FM"]
[WhiteFideId "1752383"]
[BlackFideId "1741721"]
[WhiteElo "1734"]
[BlackElo "2288"]

1. e4 c5 2. Nf3 d6 3.
d4 cxd4 4. Nxd4 Nf6 5. Nc3 g6 6. Be3 Bg7 7. f3 O-O 8. Qd2 Nc6 9. O-O-O d5 10. exd5 Nxd5 11. Nxc6 bxc6 12. Bd4 e5 13. Bc5 Be6 14. h4 Qb8 15. Ne4 Rd8 16. h5 Rd7 17. hxg6 hxg6 18. Bc4 Nb6 19. Qxd7 Nxc4 20. Qd8+ Qxd8 21.
Rxd8+ Rxd8 22. b3 Nb6 23. Ng5 Rd5 24.
Bb4 Bf5 25. g4 Bc8 26. Ne4 f5 27. gxf5 Bxf5 28. Rg1 Nd7 29. Nd6 c5 30. Nc8 Kf7 31. Bd2 a6 32. Bg5 Bf6 33. Bxf6 Kxf6 34. Rh1 Rd4 35. Na7 Rd6 36.
Rh8 Nb6 37. Nc8 Nxc8 0-1

[Event "Kvibergspelen 2022"]
[Site "Kviberg Park Hotel & Conference, Krutvagen 2, Gothenburg, Sweden"]
[Date "2022.09.30"]
[Round "1.14"]
[White "Burwick, Malte"]
[Black "Lappas, Georgios"]
[Result "1-0"]
[TimeControl "15 minutes + 5 seconds per move from move one (Round 1 - 4) / 90 minutes + 30 seconds per move from move one (Round 5 - 8)"]
[WhiteFideId "1702475"]
[BlackFideId "1722484"]
[WhiteElo "2225"]
[BlackElo "1728"]

1. Nf3 d5 2. g3 Nf6 3. Bg2 Bf5 4. O-O e6 5. c4 c6 6. b3 Be7 7. Bb2 O-O 8. d3 Nbd7 9. Nbd2 a5 10.
a3 b5 11. Nd4 Qb6 12. cxb5 c5 13. Nxf5 exf5 14. a4 Rac8 15. e3 Qe6 16. Re1 Ng4 17. h3 Nge5 18. Nf3 Bf6 19. Nxe5 Nxe5 20.
Rb1 Rfd8 21. d4 Ng6 22. Qd2 cxd4 23. Bxd4 Ne5 24. Qxa5 Nd3 25. Red1 Bxd4 26. exd4 Qe2 27. Rd2 1-0

[Event "Kvibergspelen 2022"]
[Site "Kviberg Park Hotel & Conference, Krutvagen 2, Gothenburg, Sweden"]
[Date "2022.09.30"]
[Round "1.15"]
[White "Eldh, Hjalmar"]
[Black "Johannesson, Oliver"]
[Result "0-1"]
[TimeControl "15 minutes + 5 seconds per move from move one (Round 1 - 4) / 90 minutes + 30 seconds per move from move one (Round 5 - 8)"]
[BlackTitle "FM"]
[WhiteFideId "1767968"]
[BlackFideId "2305623"]
[WhiteElo "1717"]
[BlackElo "2205"]

1. e4 c5 2. Nf3 e6 3. d4 cxd4 4. Nxd4 Nc6 5. Be2 Nf6 6. Nc3 Qc7 7. Be3 a6 8. O-O Bb4 9. f3 O-O 10.
Nxc6 bxc6 11. Qd4 a5 12. a3 Bd6 13. g3 Be5 14. Qd2 d5 15. exd5 cxd5 16. Bd4 Rb8 17. Bxe5 Qxe5 18. Rab1 Bd7 19.
Rfe1 d4 20. Nd1 Qc5 21. b4 axb4 22. axb4 Qb6 23. Nf2 Nd5 24. Nd3 Nc3 25. Rb2 Bc6 26. Nc5 Rfd8 27. Qg5 Rd5 28. Qe7 Rxc5 29.
Bd3 Rd5 30. Ra1 Rd7 31. Qh4 g6 32. Ra6 Qc7 33. Qf6 Nd5 34. Qxd4 Nxb4 35. Qc5 Nxa6 0-1

[Event "Kvibergspelen 2022"]
[Site "Kviberg Park Hotel & Conference, Krutvagen 2, Gothenburg, Sweden"]
[Date "2022.09.30"]
[Round "1.16"]
[White "Rasti, Arvin"]
[Black "Westerlind, Sture"]
[Result "1-0"]
[TimeControl "15 minutes + 5 seconds per move from move one (Round 1 - 4) / 90 minutes + 30 seconds per move from move one (Round 5 - 8)"]
[WhiteFideId "1741160"]
[BlackFideId "1745654"]
[WhiteElo "2186"]
[BlackElo "1700"]

1. e4 e6 2. d4 d5 3. Nc3 c6 4.
Nf3 dxe4 5. Nxe4 Be7 6.
Bd3 Nf6 7. c3 Nbd7 8. O-O Nxe4 9. Bxe4 Nf6 10. Bc2 O-O 11. Qd3 c5 12. Bg5 g6 13. dxc5 Qxd3 14. Bxd3 Nd5 15. Bxe7 Nxe7 16. Rfd1 Nd5 17. Bc4 Nf6 18. Ne5 a5 19.
f3 Kg7 20. Kf2 Ng8 21. Nd7 Re8 22. Nb6 Rb8 23. Bb5 Re7 24. b4 axb4 25. cxb4 Nf6 26. a4 Ne8 27. Bxe8 Rxe8 28. a5 e5 29. Nxc8 Rbxc8 30. Rd7 Rb8 31. Rad1 Kf8 32. Rc7 Re7 33.
Rdd7 Rxd7 34. Rxd7 Ke8 35. Rc7 h5 36. b5 f6 37. Rh7 Rd8 38.
Rxb7 Rd2+ 39. Ke1 Ra2 40. a6 1-0

[Event "Kvibergspelen 2022"]
[Site "Kviberg Park Hotel & Conference, Krutvagen 2, Gothenburg, Sweden"]
[Date "2022.09.30"]
[Round "1.17"]
[White "Stridh, Mattias"]
[Black "Malmqvist, Glenn"]
[Result "0-1"]
[TimeControl "15 minutes + 5 seconds per move from move one (Round 1 - 4) / 90 minutes + 30 seconds per move from move one (Round 5 - 8)"]
[WhiteFideId "1762338"]
[BlackFideId "1705750"]
[WhiteElo "1699"]
[BlackElo "2172"]

1. e4 e5 2. Nf3 Nc6 3. Bc4 Bc5 4.
c3 Nf6 5. d3 O-O 6. O-O a6 7. a4 d6 8.
h3 Ba7 9. Re1 Ne7 10. Nbd2 Ng6 11. Nf1 Qe7 12. b4 Be6 13. Bxe6 Qxe6 14. Ng3 Rfe8 15. Be3 Bxe3 16. fxe3 Rad8 17.
b5 d5 18. exd5 Qxd5 19. bxa6 bxa6 20. d4 exd4 21. cxd4 c5 22. dxc5 Qxc5 23. Qc1 Qa7 24. Nd4 Ne5 25. Ra3 Rc8 26.
Qb1 Nc4 27. Rc3 Nd5 28. Rxc4 Rxc4 29. Qb3 Rxd4 30. Nf5 Rd2 31.
Nd6 Re6 32. Nc4 Rd4 33. Rf1 Rde4 34. Re1 Nxe3 35. Rxe3 Rxe3 0-1

[Event "Kvibergspelen 2022"]
[Site "Kviberg Park Hotel & Conference, Krutvagen 2, Gothenburg, Sweden"]
[Date "2022.09.30"]
[Round "1.18"]
[White "Nygren, David"]
[Black "Nordberg, Patrik"]
[Result "1-0"]
[TimeControl "15 minutes + 5 seconds per move from move one (Round 1 - 4) / 90 minutes + 30 seconds per move from move one (Round 5 - 8)"]
[WhiteFideId "1704761"]
[BlackFideId "1771620"]
[WhiteElo "2165"]
[BlackElo "1698"]

1. e4 e5 2. Nf3 Nc6 3. Bb5 a6 4. Ba4 Nf6 5. d4 Nxe4 6. Qe2 b5 7. dxe5 Nc5 8. Bb3 Be7 9. Nc3 O-O 10. Bd5 Rb8 11. O-O Nb4 12.
Rd1 d6 13. Bf4 Ne6 14. Bg3 Kh8 15. Bb3 c5 16. exd6 Bf6 17. d7 Bb7 18. Bxe6 fxe6 19. Bxb8 Qxb8 20. Ne4 Be7 21. Neg5 Bxf3 22. Nxf3 Qf4 23. Qxe6 1-0

[Event "Kvibergspelen 2022"]
[Site "Kviberg Park Hotel & Conference, Krutvagen 2, Gothenburg, Sweden"]
[Date "2022.09.30"]
[Round "1.19"]
[White "Brobakken, Geir"]
[Black "Lindahl, Jonas"]
[Result "1-0"]
[TimeControl "15 minutes + 5 seconds per move from move one (Round 1 - 4) / 90 minutes + 30 seconds per move from move one (Round 5 - 8)"]
[WhiteFideId "1511270"]
[BlackFideId "1710060"]
[WhiteElo "1696"]
[BlackElo "2165"]

1. e4 e6 2. d4 d5 3. e5 c5 4.
c3 Nc6 5. Nf3 Bd7 6. Bd3 cxd4 7. cxd4 Qb6 8. Bc2 Nb4 9. O-O Ne7 10. Nc3 Nxc2 11. Qxc2 Nf5 12. Be3 Be7 13. Rac1 Rc8 14.
Qd2 O-O 15. a3 a5 16. Ne2 Rc4 17. Rc3 Rxc3 18. Nxc3 Rc8 19. Re1 Qb3 20. Rc1 Rc4 21. h3 b5 22. Qd1 Rxc3 23. bxc3 Qxd1+ 24. Rxd1 Nxe3 25. fxe3 Bxa3 26. Ra1 b4 27. cxb4 Bxb4 28. Ne1 g6 29. Nd3 Bd2 30. Kf2 Bb5 31. Nc5 Kg7 32. Ra2 Bb4 33. Na4 Bc4 34. Ra1 Bb3 35.
Nc5 Bc4 36. Na4 g5 37. Nc5 h5 38. Nb7 Bc3 39. Ra3 Bb4 40. Ra1 Bd3 41. Nxa5 Be4 42. Nb3 g4 43. hxg4 hxg4 44.
g3 Kh6 45. Nc5 Bg6 46. Nd7 Kg5 47. Ra7 Kf5 48. Nf6 Bf8 49. Nd7 Bh6 50. Nc5 Bf8 51. Ke2 Kg5 52. Ra1 Be7 53. Rf1 Bf5 54.
Nd3 Bf8 55. Nf4 Kh6 56. Nxd5 Be7 57. Nxe7 1-0

[Event "Kvibergspelen 2022"]
[Site "Kviberg Park Hotel & Conference, Krutvagen 2, Gothenburg, Sweden"]
[Date "2022.09.30"]
[Round "2.1"]
[White "Agdestein, Simen"]
[Black "Dingertz, Erik"]
[Result "1-0"]
[TimeControl "15 minutes + 5 seconds per move from move one (Round 1 - 4) / 90 minutes + 30 seconds per move from move one (Round 5 - 8)"]
[WhiteTitle "GM"]
[WhiteFideId "1500015"]
[BlackFideId "1741578"]
[WhiteElo "2576"]
[BlackElo "2001"]

1. e4 e5 2. Nf3 Nc6 3. Bb5 a6 4. Ba4 Nf6 5. O-O b5 6. Bb3 Bc5 7. c3 d6 8. d4 Bb6 9. a4 Bb7 10. Re1 O-O 11. h3 Re8 12. d5 Ne7 13. c4 c6 14. dxc6 Bxc6 15. axb5 axb5 16. Rxa8 Bxa8 17. Nc3 Ba5 18. cxb5 Bxc3 19. bxc3 Nxe4 20.
Ng5 Nxg5 21. Bxg5 Qc7 22. Qd3 Rc8 23. c4 h6 24. Be3 Qb7 25. f3 d5 26. c5 d4 27. c6 Nxc6 28. bxc6 Rxc6 29. Bxd4 Qd7 30. Rxe5 Rd6 31. Qe3 Rxd4 32. Re8+ Kh7 33. Rxa8 Rd3 34. Bc2 1-0

[Event "Kvibergspelen 2022"]
[Site "Kviberg Park Hotel & Conference, Krutvagen 2, Gothenburg, Sweden"]
[Date "2022.09.30"]
[Round "2.2"]
[White "Eriksson, Lennarth"]
[Black "Hillarp, Tiger"]
[Result "0-1"]
[TimeControl "15 minutes + 5 seconds per move from move one (Round 1 - 4) / 90 minutes + 30 seconds per move from move one (Round 5 - 8)"]
[BlackTitle "GM"]
[WhiteFideId "1707736"]
[BlackFideId "1700812"]
[WhiteElo "2000"]
[BlackElo "2511"]

1. Nf3 d5 2. c4 d4 3. e3 Nc6 4. exd4 Nxd4 5. Nxd4 Qxd4 6. Be2 g6 7. Nc3 c6 8. b3 Bg7 9. Bb2 Qd8 10.
O-O Nh6 11. Re1 O-O 12. d3 Nf5 13. Bg4 Re8 14. Rb1 Nd4 15. Bxc8 Rxc8 16. Qg4 Nf5 17. Rbd1 c5 18. Ba1 b6 19.
Qh3 Qd7 20. Nd5 Bxa1 21. Rxa1 Qd6 22. Re4 Kg7 23. Rae1 e6 24. g4 Ne7 25. Nc3 Nc6 26. g5 h5 27. gxh6+ Kh8 28. h7 Rcd8 29. R1e3 Nd4 30. Nd5 f5 31.
Re5 Qf8 32. Nf4 Qg7 33. Rg3 g5 34. Qh5 gxf4 35. Rxg7 Kxg7 36. Qg5+ Kxh7 37. Qh4+ Kg7 38. Kf1 f3 39. Qg5+ Kf7 40. Qh5+ Kf6 0-1

[Event "Kvibergspelen 2022"]
[Site "Kviberg Park Hotel & Conference, Krutvagen 2, Gothenburg, Sweden"]
[Date "2022.09.30"]
[Round "2.3"]
[White "Abdrlauf, Elham"]
[Black "Myrene, Jon Kare"]
[Result "1-0"]
[TimeControl "15 minutes + 5 seconds per move from move one (Round 1 - 4) / 90 minutes + 30 seconds per move from move one (Round 5 - 8)"]
[WhiteTitle "IM"]
[WhiteFideId "1533533"]
[BlackFideId "1510258"]
[WhiteElo "2487"]
[BlackElo "1990"]

1. e4 e5 2. Nc3 Nc6 3. Bc4 Nf6 4. d3 d6 5. f4 exf4 6. Bxf4 Be7 7. Nf3 O-O 8. O-O Na5 9. Bb3 Bg4 10.
d4 c6 11. Qd3 Qd7 12. Rae1 Nxb3 13. axb3 Nh5 14. Bc1 f5 15. e5 Bxf3 16. Qxf3 g6 17. e6 Qc7 18. Bh6 Ng7 19. Ne2 Rae8 20.
c3 Bf6 21. Nf4 Re7 22. Re2 Rfe8 23. Rfe1 d5 24. Qg3 b6 25. b4 Qc8 26. Bg5 Bxg5 27. Qxg5 Nxe6 28. Qf6 Rf7 29. Rxe6 Rxf6 30. Rxe8+ Qxe8 31. Rxe8+ Kf7 32. Ra8 g5 33. Rxa7+ 1-0

[Event "Kvibergspelen 2022"]
[Site "Kviberg Park Hotel & Conference, Krutvagen 2, Gothenburg, Sweden"]
[Date "2022.09.30"]
[Round "2.4"]
[White "Kleimark, Anders"]
[Black "Kucuksari, Kaan"]
[Result "0-1"]
[TimeControl "15 minutes + 5 seconds per move from move one (Round 1 - 4) / 90 minutes + 30 seconds per move from move one (Round 5 - 8)"]
[BlackTitle "FM"]
[WhiteFideId "1709968"]
[BlackFideId "6380166"]
[WhiteElo "1976"]
[BlackElo "2482"]

1. d4 d5 2. c4 e6 3. Nf3 Nf6 4. g3 dxc4 5. Bg2 Nc6 6. Qa4 Bb4+ 7. Bd2 Nd5 8. Bxb4 Ndxb4 9. a3 b5 10. Qd1 Nd5 11. a4 b4 12.
O-O O-O 13. Qc2 Ba6 14. Nbd2 b3 15. Qc1 Ncb4 16. Nxc4 Nc2 17. Nce5 Bxe2 18. Rb1 f6 19. Ng4 Bxf1 20. Bxf1 h5 21.
Ne3 Ndxe3 22. fxe3 Qd5 23. Bg2 Qe4 24. Ne1 Qxe3+ 25. Qxe3 Nxe3 26. Bxa8 Rxa8 27. Rc1 Rd8 28. Nf3 Nc2 29. Rd1 c5 30. Rd3 c4 31. Rc3 Nxd4 32.
Kf2 Nxf3 33. Kxf3 Rd4 34. Ke3 e5 35. h3 a5 36. Rc1 Kf7 37. Rg1 f5 38. Rf1 Ke6 39. Rf2 Rd3+ 40. Ke2 Rxg3 41.
Rh2 h4 42. Kd2 g5 43. Kc1 e4 44. Kd2 f4 45. Kc1 e3 46. Kd1 f3 47. Rh1 f2 48. Ke2 Rg1 0-1

[Event "Kvibergspelen 2022"]
[Site "Kviberg Park Hotel & Conference, Krutvagen 2, Gothenburg, Sweden"]
[Date "2022.09.30"]
[Round "2.5"]
[White "Hector, Jonny"]
[Black "Muntean, Victor"]
[Result "1-0"]
[TimeControl "15 minutes + 5 seconds per move from move one (Round 1 - 4) / 90 minutes + 30 seconds per move from move one (Round 5 - 8)"]
[WhiteTitle "GM"]
[WhiteFideId "1700090"]
[BlackFideId "1054414"]
[WhiteElo "2454"]
[BlackElo "1968"]

1. e4 e5 2. Nf3 Nc6 3. Nc3 Nf6 4. d4 exd4 5. Nd5 Nb4 6. Bc4 Nbxd5 7. exd5 Bc5 8. O-O O-O 9. b4 Bxb4 10. Qxd4 d6 11. Bd3 Bc5 12.
Qh4 h5 13. Bg5 Bg4 14. Nd2 Bd4 15. Ne4 Qe8 16. Bxf6 gxf6 17. c3 f5 18. Qg5+ Kh7 19. Ng3 Bxc3 20. Nxf5 Qe5 21. Qh6+ Kg8 22.
Ne7+ Qxe7 23. Qh7# 1-0